 Dungeon Crawl Stone Soup version 0.22.1-2-g9c5b331383 (webtiles) character file.

1174 Jerry the Slasher (level 8, -5/64 HPs)
             Began as a Merfolk Fighter on Nov 26, 2018.
             Slain by an ogre
             ... wielding a +0 giant club
              (19 damage)
             ... on level 6 of the Dungeon.
             The game lasted 00:11:23 (5750 turns).

Jerry the Slasher (Merfolk Fighter)                 Turns: 5750, Time: 00:11:24

Health: -5/64      AC: 10    Str: 18    XL:     8   Next: 41%
Magic:  8/8        EV:  7    Int:  8    God:
Gold:   231        SH:  0    Dex: 13    Spells: 7/7 levels left

rFire    . . .     SeeInvis .   a - +1 long sword
rCold    . . .     Gourm    .   (no shield)
rNeg     + . .     Faith    .   u - +1 chain mail {rN+}
rPois    .         Spirit   .   (no helmet)
rElec    .         Reflect  .   v - scarf {cloud immunity}
rCorr    .         Harm     .   (no gloves)
MR       .....                  (no boots)
Stlth    ..........             s - amulet of the acrobat
HPRegen  0.20/turn              (no ring)
MPRegen  0.11/turn              (no ring)

@: no status effects
A: change form in water, swift swim, stealthy swim
a: no special abilities


You were on level 6 of the Dungeon.
You were very hungry.

You visited 2 branches of the dungeon, and saw 7 of its levels.

You collected 231 gold pieces.

Inventory:

Hand Weapons
 a - a +1 long sword (weapon)
 q - a +0 dagger of speed
Armour
 d - a +0 cloak
 u - a +1 chain mail of positive energy (worn)
 v - a scarf of cloud immunity (worn)
Jewellery
 i - an uncursed amulet of rage
 s - an amulet of the acrobat (around neck)
Scrolls
 k - 2 scrolls of immolation
 n - 2 scrolls of teleportation
 o - 4 scrolls of remove curse
 r - 2 scrolls of enchant weapon
 t - a scroll of identify
Potions
 c - a potion of mutation {unknown}
 e - a potion of haste
 g - 3 potions of degeneration {unknown}
 h - 4 potions of lignification {unknown}
 j - 2 potions of berserk rage
 l - a potion of ambrosia {unknown}
 m - 3 potions of brilliance {unknown}
 p - 3 potions of curing {unknown}
Comestibles
 f - 7 rations


   Skills:
 + Level 6.2 Fighting
 * Level 7.9 Long Blades
 + Level 4.2 Armour
   Level 3.0 Shields


You had 7 spell levels left.
You didn't know any spells.
Your spell library was empty.

Dungeon Overview and Level Annotations

Branches:
Dungeon (6/15)             Temple (1/1) D:5

Altars:
Dithmenos
Elyvilon
Fedhas
Hepliaklqana
Kikubaaqudgha
Makhleb
Nemelex Xobeh
Qazlal
Ru
Wu Jian
Xom
Zin
The Shining One


Message History

The ogre is moderately wounded.
You hit the ogre.
The ogre is heavily wounded.
The ogre barely misses you.
You hit the ogre.
The ogre is severely wounded.
The ogre closely misses you.
You barely miss the ogre.
The ogre is heavily wounded.
The ogre hits you with a giant club!
* * * LOW HITPOINT WARNING * * *
You hit the ogre.
The ogre is severely wounded.
You barely miss the ogre.
The ogre is severely wounded.
The ogre closely misses you.
You slash the ogre!
The ogre is almost dead.
The ogre hits you with a giant club!!
You die...

#### #.#####
.....
##....<##......
........@O......
##########......
..... ...# ###


You could see an ogre.

Vanquished Creatures
  Edmund (D:5)
  An ice beast (D:5)
  A black bear (D:4)
  2 ogres
  A centaur (D:5)
  2 water moccasin skeletons
  A howler monkey (D:4)
  2 hounds
  An orc priest (D:4)
  Crazy Yiuf (D:4)
  An iguana (D:5)
  5 orc wizards (D:4)
  2 worker ants (D:4)
  3 gnolls (D:2)
  A worker ant zombie (D:5)
  7 adders
  2 oozes (D:3)
  2 worms (D:3)
  3 leopard geckos
  5 orcs
  2 giant cockroaches (D:3)
  2 goblins (D:2)
  13 hobgoblins
  2 jackals (D:2)
  4 quokkas
  A ball python (D:2)
  4 bats
  8 frilled lizards
  4 kobolds
  5 rats
89 creatures vanquished.

Notes
Turn   | Place    | Note
-------+----------+-------------------------------------------
     0 | D:1      | Jerry the Merfolk Fighter began the quest for the Orb.
     0 | D:1      | Reached XP level 1. HP: 18/18 MP: 1/1
   786 | D:2      | Reached XP level 2. HP: 16/24 MP: 2/2
   787 | D:2      | Reached skill level 3 in Long Blades
   789 | D:2      | Reached XP level 3. HP: 19/29 MP: 3/3
  1192 | D:2      | Found a shimmering altar of Xom.
  1511 | D:2      | Reached XP level 4. HP: 34/37 MP: 4/4
  2105 | D:3      | Reached skill level 4 in Long Blades
  2280 | D:3      | Reached XP level 5. HP: 14/42 MP: 5/5
  2467 | D:3      | Noticed an ogre
  2482 | D:3      | Killed an ogre
  2632 | D:3      | Found a white marble altar of Elyvilon.
  2765 | D:3      | Found a blossoming altar of Fedhas.
  3037 | D:4      | Reached skill level 5 in Long Blades
  3037 | D:4      | Reached XP level 6. HP: 36/49 MP: 6/6
  3267 | D:4      | Found a runed door.
  3291 | D:4      | Noticed Crazy Yiuf
  3299 | D:4      | Killed Crazy Yiuf
  3428 | D:4      | Reached skill level 5 in Fighting
  3439 | D:4      | Reached XP level 7. HP: 33/56 MP: 7/7
  3445 | D:4      | Reached skill level 6 in Long Blades
  3459 | D:4      | HP: 1/56 [orc wizard/magic dart (6)]
  4265 | D:4      | Found a burning altar of Makhleb.
  4272 | D:4      | Noticed a balrug
  4374 | D:5      | Entered Level 5 of the Dungeon
  4427 | D:5      | Found a staircase to the Ecumenical Temple.
  4434 | Temple   | Entered the Ecumenical Temple
  4732 | D:5      | Noticed Edmund
  4753 | D:5      | Killed Edmund
  4753 | D:5      | Reached skill level 7 in Long Blades
  4753 | D:5      | Reached XP level 8. HP: 11/64 MP: 8/8
  5750 | D:6      | Slain by an ogre

Skill      XL: |  1  2  3  4  5  6  7  8 |
---------------+-------------------------+-----
Long Blades    | 3 4 5 7 |  7.9
Fighting       | 4 5 6 |  6.2
Armour         | 3 4 |  4.2
Shields        | |  3.0

Action                   |  1- 3 |  4- 6 |  7- 9 || total
-------------------------+-------+-------+-------++-------
Melee: Long sword        |    79 |   154 |   140 ||   373
 Abil: Evoke Berserk Rag |       |       |     1 ||     1
  Use: Scroll            |       |     8 |     3 ||    11
       Potion            |       |     2 |     1 ||     3
  Eat: Chunk             |     2 |     5 |     5 ||    12
       Ration            |       |       |     1 ||     1
Armor: Scale mail        |    49 |    73 |    36 ||   158
       Chain mail        |       |       |    23 ||    23
Dodge: Dodged            |    49 |   107 |    54 ||   210
       Rpst.: Long sword |    13 |    32 |    12 ||    57
